Map: Ice and Chrome LE

Players

Serral - Winner!

  • Race: Zerg Zerg
  • League: Master
  • Spawn Location: 7:00

MarineLorD

  • Race: Terran Terran
  • Spawn Location: 1:00

Event: DreamHack SC2 Masters 2020 Summer Europe

VOD

Have the link to the VOD?

Description

Time

  • Played on: June 27, 2020, 11:27 a.m.
  • Length: 34:00

All games in this series

Show
View Real Time Build Order
Export as new Build Order

Serral Zerg - Winner!

Build Orders: Hatch First, Muta Ling Bane 

Get SALT Encoding   

  12  0:00  Drone  
  13  0:12  Overlord  
  13  0:16  Drone  
  14  0:31  Drone x2  
  16  0:48  Hatchery  
  15  0:51  Drone  
  15  0:55  Drone  
  17  0:58  Drone  
  18  1:08  Extractor  
  17  1:15  Spawning Pool  
  17  1:18  Drone  
  17  1:21  Drone  
  18  1:28  Drone  
  19  1:38  Drone  
  20  1:49  Overlord  
  20  2:01  Queen  
  20  2:02  Zergling x2, Queen  
  20  2:03  Zergling x2  
  26  2:11  Drone x2  
  26  2:13  Metabolic Boost  
  28  2:21  Drone  
  28  2:22  Drone  
  30  2:38  Spore Crawler  
  30  2:41  Hatchery  
  29  2:46  Drone x2  
  29  2:50  Queen  
  33  2:55  Overlord  
  33  2:58  Drone  
  34  3:00  Drone  
  34  3:04  Drone  
  36  3:14  Pneumatized Carapace  
  36  3:15  Drone  
  36  3:16  Drone x3  
  40  3:20  Overlord  
  40  3:22  Drone  
  40  3:26  Drone  
  42  3:30  Queen  
  42  3:34  Overlord  
  44  3:46  Drone  
  44  3:47  Zergling x4  
  47  3:48  Drone  
  47  3:49  Drone x3  
  47  3:52  Queen  
  47  3:54  Drone  
  54  4:00  Drone x2  
  54  4:01  Drone x2  
  58  4:05  Drone x2  
  58  4:08  Drone  
  58  4:09  Queen  
  61  4:14  Overlord  
  61  4:16  Drone x2  
  65  4:18  Drone  
  65  4:21  Lair  
  66  4:25  Overlord  
  66  4:31  Queen  
  66  4:32  Extractor  
  66  4:33  Extractor  
  66  4:36  Zergling x4  
  66  4:37  Zergling x2, Roach Warren  
  68  4:38  Drone  
  68  4:39  Drone  
  68  4:41  Drone  
  68  4:42  Drone  
  68  4:43  Drone  
  73  4:49  Overlord, Drone  
  73  4:50  Drone x2  
  73  4:51  Drone  
  73  4:52  Drone  
  78  4:54  Overlord  
  78  4:56  Drone  
  79  5:02  Zergling x4  
  79  5:03  Zergling x2, Drone  
  82  5:08  Overlord  
  82  5:09  Overlord  
  82  5:13  Extractor  
  81  5:17  Overlord  
  81  5:18  Roach  
  81  5:19  Roach x2  
  81  5:20  Roach  
  89  5:23  Spore Crawler  
  89  5:24  Spore Crawler  
  89  5:25  Spore Crawler, Extractor  
  89  5:26  Extractor  
  84  5:29  Roach, Drone, Spire  
  84  5:30  Drone  
  84  5:34  Overseer  
  87  5:35  Drone  
  87  5:36  Drone x2  
  87  5:37  Drone  
  87  5:41  Drone x2  
  93  5:43  Drone x2  
  93  5:44  Drone  
  93  5:45  Drone  
  97  5:50  Overlord, Drone  
  97  5:51  Drone x2  
  97  5:54  Overlord  
  97  5:56  Drone x2  
  102  5:58  Overlord  
  102  6:01  Queen  
  102  6:08  Drone x4  
  106  6:15  Roach x3  
  112  6:23  Hatchery  
  112  6:25  Evolution Chamber  
  110  6:26  Evolution Chamber, Drone x2  
  110  6:27  Drone x2  
  110  6:31  Glial Reconstitution  
  110  6:32  Drone  
  114  6:39  Drone x2  
  113  6:40  Drone  
  107  6:54  Mutalisk x2  
  107  6:55  Mutalisk  
  107  6:57  Spore Crawler  
  107  6:59  Zerg Flyer Weapons Level 1, Mutalisk x2  
  116  7:03  Mutalisk x3  
  116  7:04  Mutalisk x2  
  116  7:06  Mutalisk  
  128  7:13  Zergling x8  
  132  7:20  Extractor  
  132  7:21  Extractor  
  130  7:24  Overlord, Drone  
  130  7:25  Drone x2  
  130  7:26  Hatchery  
  130  7:27  Zerg Melee Weapons Level 1, Zerg Ground Armor Level 1  
  132  7:32  Drone  
  132  7:33  Drone x5  
  132  7:34  Overlord  
  132  7:36  Overlord  
  138  7:39  Overlord  
  138  7:43  Overlord  
  138  7:45  Drone  
  138  7:49  Drone  
  138  7:50  Overlord  
  140  7:52  Roach  
  140  7:53  Roach x4  
  140  7:56  Mutalisk  
  140  7:58  Corruptor x2  
  145  8:08  Corruptor x3  
  145  8:12  Zergling x10, Roach x2  
  153  8:23  Ravager x2  
  153  8:25  Drone  
  153  8:26  Drone  
  151  8:29  Spine Crawler  
  147  8:34  Drone x6  
  147  8:35  Drone x2, Baneling Nest  
  147  8:36  Queen x2  
  147  8:37  Queen  
  147  8:41  Ravager x3  
  163  8:47  Drone  
  163  8:48  Drone x2  
  166  8:53  Extractor x2  
  164  9:00  Drone x8  
  172  9:03  Overlord  
  172  9:08  Overlord  
  172  9:13  Mutalisk x6  
  184  9:25  Centrifical Hooks  
  184  9:27  Queen  
  184  9:29  Zergling x18  
  193  9:38  Drone x10  
  195  9:44  Spine Crawler, Drone  
  195  9:45  Mutalisk, Corruptor  
  192  9:46  Mutalisk, Spine Crawler  
  192  9:49  Drone  
  192  9:50  Drone  
  199  9:53  Zerg Missile Weapons Level 1  
  199  9:54  Zerg Melee Weapons Level 2  
  199  9:55  Spine Crawler  
  198  10:00  Baneling  
  198  10:01  Baneling x9  
  198  10:13  Infestation Pit  
  197  10:17  Baneling x3  
  197  10:21  Zergling x2, Roach  
  200  10:26  Hatchery  
  192  10:38  Zergling x8, Roach x2  
  192  10:39  Baneling x11  
  200  10:49  Zerg Flyer Armor Level 1  
  200  10:52  Hive  
  199  11:00  Spore Crawler  
  199  11:02  Spine Crawler  
  199  11:03  Drone x2  
  199  11:06  Spine Crawler  
  199  11:07  Drone  
  173  11:21  Zergling x14  
  171  11:27  Drone x4  
  171  11:29  Drone x5  
  171  11:30  Drone x5  
  171  11:31  Drone x10  
  195  11:34  Ravager  
  195  11:35  Ravager x3, Spine Crawler  
  195  11:39  Overlord  
  198  11:40  Overlord  
  198  11:43  Baneling x12  
  198  11:44  Baneling  
  198  11:47  Burrow, Pathogen Glands  
  198  11:54  Zergling x2  
  199  12:04  Spore Crawler  
  199  12:05  Spine Crawler, Zerg Missile Weapons Level 2  
  199  12:06  Adrenal Glands, Spine Crawler  
  196  12:09  Ultralisk Cavern  
  196  12:12  Hatchery, Drone x2  
  196  12:16  Zergling x6  
  196  12:19  Zerg Melee Weapons Level 3  
  186  12:34  Drone x2  
  186  12:36  Drone  
  186  12:37  Drone  
  190  12:42  Ravager  
  190  12:43  Zergling x16  
  190  12:44  Neural Parasite  
  199  12:48  Greater Spire  
  199  12:57  Chitinous Plating  
  199  13:07  Corruptor  
  199  13:27  Corruptor  
  192  13:39  Zergling x14  
  192  13:41  Baneling x5  
  199  13:44  Spine Crawler  
  199  13:45  Extractor  
  199  13:46  Spine Crawler  
  199  13:48  Spine Crawler, Spore Crawler  
  194  13:58  Overseer  
  194  14:05  Zerg Flyer Weapons Level 2  
  194  14:11  Overlord, Overseer, Baneling x11  
  194  14:16  Anabolic Synthesis  
  194  14:21  Zerg Ground Armor Level 2  
  192  14:30  Zergling x14  
  194  14:56  Zerg Missile Weapons Level 3  
  188  15:06  Zergling x28  
  163  15:19  Zergling x24  
  171  15:24  Drone  
  171  15:25  Drone x2, Extractor  
  173  15:30  Spine Crawler  
  173  15:32  Baneling x19  
  172  15:36  Zergling x22  
  172  15:37  Hatchery  
  182  15:43  Baneling x5  
  182  15:46  Zergling x14  
  182  15:47  Zergling x4, Viper x2  
  182  16:03  Zergling x8  
  182  16:04  Zergling x24  
  164  16:12  Roach x4  
  164  16:13  Roach x5  
  164  16:16  Baneling x10  
  182  16:21  Zerg Flyer Armor Level 2  
  182  16:25  Zergling x26, Baneling x6  
  190  16:26  Zergling x2  
  197  16:35  Overlord, Baneling x9  
  197  16:40  Zerg Ground Armor Level 3  
  197  16:45  Baneling x2  
  196  16:53  Zergling x34  
  181  17:02  Zergling x2, Ultralisk x2, Ravager x5  
  181  17:03  Zergling x2  
  191  17:14  Zergling x8, Ultralisk  
  191  17:15  Zergling x38  
  191  17:25  Baneling x16  
  191  17:26  Drone x3  
  191  17:27  Drone  
  195  17:34  Overlord  
  194  17:37  Baneling x3  
  194  17:39  Roach  
  194  17:41  Overlord  
  196  17:52  Zergling x2  
  197  18:16  Ravager  
  197  18:19  Zergling x2, Baneling  
  148  18:37  Ultralisk, Zerg Flyer Weapons Level 3  
  148  18:38  Zergling x2, Ultralisk x3  
  148  18:39  Zergling x28  
  148  18:40  Corruptor  
  148  18:41  Corruptor x6  
  162  18:44  Ultralisk x3  
  162  18:45  Zergling x4, Ultralisk  
  200  19:00  Extractor  
  200  19:02  Extractor  
  198  19:05  Baneling x5  
  198  19:06  Baneling x14  
  198  19:13  Zergling x4  
  198  19:16  Hatchery  
  193  19:30  Zergling x14  
  200  19:40  Extractor  
  197  19:56  Zergling x6  
  194  20:08  Spine Crawler  
  194  20:10  Spine Crawler  
  194  20:13  Drone  
  171  20:32  Zergling x36  
  154  20:39  Zergling x6, Roach x5  
  154  20:40  Zergling x18, Corruptor  
  154  20:41  Corruptor  
  162  20:42  Zergling x2  
  162  20:43  Zergling x10  
  162  20:47  Drone x2  
  162  20:48  Corruptor x2  
  173  20:52  Baneling x8  
  173  20:53  Zergling x2, Roach x2, Baneling x12  
  173  20:55  Infestor x4  
  173  20:56  Infestor x2  
  192  20:58  Baneling x2  
  192  21:02  Ravager x5  
  193  21:10  Spine Crawler x2, Drone  
  192  21:12  Baneling x8  
  192  21:23  Ravager x2  
  192  21:37  Zerg Flyer Armor Level 3  
  192  21:39  Drone  
  194  21:40  Drone x2  
  194  21:41  Spore Crawler  
  194  21:42  Spore Crawler  
  191  21:52  Extractor  
  191  21:53  Extractor  
  188  21:59  Zergling x6, Roach x2  
  187  22:13  Zergling x34  
  173  22:23  Zergling x22, Roach x3  
  173  22:29  Drone  
  190  22:30  Spore Crawler x2, Drone x4  
  190  22:37  Extractor  
  191  22:39  Baneling x12  
  191  22:40  Zergling x20  
  199  22:45  Ravager  
  149  23:02  Roach x2  
  149  23:03  Roach x6  
  149  23:04  Zergling x46  
  176  23:07  Ultralisk x2  
  176  23:09  Ravager  
  176  23:12  Baneling x20  
  195  23:15  Zergling x2  
  199  23:25  Ravager  
  199  23:26  Ravager  
  199  23:31  Ravager x6  
  199  23:33  Zergling x2  
  187  23:51  Zergling x8, Roach  
  185  24:03  Zergling x18  
  184  24:17  Drone x4  
  184  24:18  Drone  
  182  24:25  Zergling x14  
  182  24:26  Zergling x20  
  175  24:45  Drone x3  
  170  25:09  Zergling x36  
  170  25:10  Zergling x2  
  162  25:20  Zergling x42  
  168  25:30  Baneling x7  
  168  25:31  Ultralisk x4, Baneling x13  
  168  25:32  Zergling x6, Ultralisk  
  197  25:47  Baneling x4  
  197  25:48  Baneling x4  
  197  25:49  Zergling x6  
  191  26:22  Zergling x18  
  156  26:34  Zergling x4  
  156  26:35  Zergling x34  
  150  26:52  Corruptor x5  
  157  26:59  Viper, Brood Lord x11  
  157  27:00  Viper, Corruptor x5  
  195  27:09  Corruptor  
  195  27:10  Corruptor  
  199  27:19  Hatchery  
  199  27:21  Extractor  
  194  27:28  Brood Lord x4  
  198  27:31  Brood Lord  
  198  27:34  Spore Crawler  
  196  28:04  Corruptor, Baneling x13  
  199  28:05  Zergling x4  
  196  28:26  Zergling x2  
  199  28:36  Queen  
  118  29:11  Ultralisk x12, Extractor  
  118  29:14  Ultralisk x2  
  196  29:38  Corruptor  
  196  29:52  Zergling x16  
  200  29:58  Zergling x4  
  188  30:07  Zergling x8  
  188  30:08  Zergling x16  
  168  30:36  Infestor x6  
  168  30:37  Infestor x3  
  186  30:43  Zergling x2, Ultralisk x2  
  199  31:02  Baneling x13  
  197  31:17  Hatchery  
  185  31:20  Zergling x26  
  193  31:34  Baneling x5  
  193  31:39  Zergling x22  
  148  31:56  Zergling x18  
  142  32:04  Corruptor x6  
  141  32:17  Corruptor  
  141  32:19  Corruptor x2  
  141  32:21  Viper x2  
  153  32:23  Hatchery  
  153  32:25  Extractor  
  138  32:45  Extractor x2  
  138  32:54  Corruptor  
  140  33:01  Zergling x8, Ultralisk x2  
  157  33:27  Zergling x20  
  167  33:41  Zergling x28  
Show
View Real Time Build Order
Export as new Build Order

MarineLorD Terran 

Build Orders: Reaper Expand, Mech 

Get SALT Encoding   

  12  0:00  SCV  
  13  0:12  SCV  
  14  0:17  Supply Depot  
  14  0:24  SCV  
  15  0:38  SCV  
  15  0:39  Barracks  
  16  0:43  Refinery  
  16  0:50  SCV  
  17  1:03  SCV  
  18  1:15  SCV  
  19  1:26  Reaper  
  19  1:27  Orbital Command  
  20  1:39  Command Center  
  20  1:48  Supply Depot  
  20  1:52  SCV  
  21  1:58  Marine  
  22  2:05  SCV  
  23  2:12  Factory  
  23  2:16  Marine  
  23  2:17  SCV  
  25  2:29  SCV  
  26  2:34  Barracks Reactor  
  26  2:41  SCV  
  27  2:48  Command Center  
  27  2:53  SCV, Orbital Command  
  28  3:01  Starport  
  28  3:05  SCV  
  28  3:10  Refinery  
  29  3:17  SCV  
  30  3:22  SCV  
  30  3:26  Hellion x2  
  35  3:27  Barracks Tech Lab  
  35  3:30  SCV  
  36  3:35  SCV  
  37  3:43  SCV  
  37  3:47  SCV  
  39  3:50  Fusion Core  
  39  3:54  Hellion x2  
  39  3:55  SCV  
  44  3:59  SCV  
  44  4:02  Orbital Command  
  45  4:03  Marine  
  48  4:10  SCV  
  48  4:11  SCV  
  50  4:22  SCV, Hellion x2  
  50  4:23  SCV  
  55  4:24  Supply Depot  
  54  4:34  SCV, Refinery  
  54  4:35  SCV x2, Refinery  
  57  4:43  Supply Depot  
  57  4:46  Battlecruiser, SCV  
  57  4:47  SCV, Supply Depot  
  57  4:48  SCV  
  66  4:58  SCV, Supply Depot  
  66  4:59  SCV  
  68  5:00  SCV  
  69  5:10  SCV, Weapon Refit  
  69  5:11  SCV  
  71  5:14  Supply Depot  
  71  5:15  Hellion  
  71  5:16  Supply Depot  
  71  5:17  Hellion  
  71  5:19  SCV  
  76  5:23  SCV  
  77  5:31  SCV, Factory  
  77  5:32  Factory  
  79  5:35  SCV  
  79  5:37  Orbital Command  
  79  5:39  Refinery  
  79  5:43  Refinery  
  79  5:44  SCV  
  79  5:46  Hellion x2  
  79  5:47  SCV  
  85  5:56  SCV  
  90  5:57  Battlecruiser  
  90  5:59  SCV  
  90  6:03  SCV  
  92  6:08  SCV  
  93  6:12  SCV  
  93  6:15  SCV  
  93  6:17  Factory Tech Lab x2  
  95  6:20  SCV  
  95  6:21  Armory  
  95  6:22  Armory  
  95  6:24  SCV, Engineering Bay  
  97  6:27  SCV  
  97  6:28  Supply Depot  
  97  6:30  Supply Depot  
  97  6:32  SCV  
  99  6:36  SCV  
  99  6:39  SCV  
  93  6:40  Hellion x2, Siege Tank  
  93  6:42  Siege Tank  
  93  6:44  SCV  
  104  6:48  SCV  
  104  6:51  SCV  
  104  6:52  Missile Turret  
  104  6:53  Missile Turret  
  106  6:56  SCV  
  106  7:00  SCV  
  114  7:03  SCV, Bunker  
  115  7:08  SCV, Supply Depot  
  115  7:09  Supply Depot  
  115  7:11  Terran Vehicle Weapons Level 1, Terran Vehicle And Ship Armor Level 1  
  116  7:18  Thor  
  122  7:23  Battlecruiser  
  122  7:24  Hellion, Missile Turret x2  
  122  7:27  Supply Depot  
  122  7:28  Supply Depot  
  124  7:30  Hellion x2  
  124  7:36  Supply Depot  
  127  7:44  Factory  
  127  7:45  Factory  
  127  7:51  Hellion, Thor  
  122  7:52  Hellion  
  122  7:56  SCV x2  
  128  7:59  SCV  
  128  8:03  Thor  
  133  8:08  SCV  
  134  8:14  SCV  
  134  8:17  SCV  
  134  8:18  Hellion x2  
  140  8:32  Factory Tech Lab  
  140  8:34  Factory Reactor, Factory  
  140  8:36  Missile Turret, Factory x2  
  140  8:40  Missile Turret  
  140  8:45  Command Center  
  139  8:52  Supply Depot  
  139  8:53  Supply Depot, Siege Tank  
  142  9:00  Infernal Pre-Igniter  
  140  9:10  Siege Tank  
  140  9:11  Hellion x5  
  151  9:19  SCV  
  151  9:20  SCV  
  151  9:21  Refinery  
  151  9:23  SCV  
  153  9:26  Missile Turret  
  153  9:29  Missile Turret  
  154  9:31  SCV  
  154  9:33  SCV  
  154  9:37  Siege Tank x2  
  154  9:38  Factory Reactor  
  161  9:39  SCV  
  161  9:41  Terran Vehicle Weapons Level 2  
  161  9:43  SCV  
  157  9:51  Hellion x3, Terran Vehicle And Ship Armor Level 2  
  157  9:52  Hellion x3  
  169  10:03  Missile Turret  
  169  10:06  Missile Turret  
  167  10:09  Hellion  
  165  10:16  Neosteel Armor  
  163  10:21  Refinery  
  163  10:22  Missile Turret x2  
  163  10:26  Hellion, Missile Turret  
  163  10:27  Hellion x6  
  159  10:36  SCV  
  160  10:44  Missile Turret  
  160  10:47  Planetary Fortress  
  160  10:48  Refinery  
  160  10:51  Refinery  
  160  10:52  Missile Turret  
  160  10:54  Thor  
  160  10:55  Missile Turret, Thor x2  
  160  10:56  Missile Turret x2  
  178  10:57  Missile Turret  
  178  11:01  Smart Servos  
  178  11:02  Factory Tech Lab  
  178  11:10  Missile Turret  
  178  11:11  Sensor Tower  
  178  11:17  Siege Tank  
  169  11:18  Hellion, Hellbat  
  152  11:27  Hellion  
  152  11:28  Missile Turret  
  152  11:30  Missile Turret  
  152  11:32  SCV x3  
  155  11:36  Starport Reactor  
  155  11:39  Siege Tank x2  
  165  11:40  Hellion, Hellbat  
  165  11:44  SCV x2  
  165  11:45  Command Center  
  159  11:47  Hellion  
  159  11:48  Hellion x3  
  159  11:50  Command Center  
  159  11:53  Sensor Tower  
  167  11:55  Advanced Ballistics  
  167  12:03  Missile Turret  
  167  12:06  Hellion x3, Hellbat  
  167  12:07  Siege Tank  
  178  12:10  Supply Depot, Hi-Sec Auto Tracking  
  178  12:11  Supply Depot  
  174  12:29  Siege Tank x2  
  183  12:36  Liberator  
  192  12:41  Terran Vehicle Weapons Level 3, Command Center  
  192  12:42  Liberator  
  192  12:44  Terran Vehicle And Ship Armor Level 3  
  186  12:47  Missile Turret  
  186  12:49  Engineering Bay  
  186  12:55  Engineering Bay  
  186  12:58  Orbital Command  
  183  13:12  SCV x2  
  185  13:16  Refinery  
  185  13:19  Hellion x3  
  182  13:25  Starport Reactor  
  179  13:41  Command Center  
  179  13:45  Command Center  
  179  13:51  Missile Turret  
  175  14:10  Planetary Fortress, Refinery  
  175  14:11  Missile Turret  
  175  14:12  Refinery, Missile Turret x2  
  175  14:13  Missile Turret  
  175  14:15  Command Center  
  170  14:26  Planetary Fortress  
  170  14:29  Liberator x2  
  176  14:37  Engineering Bay  
  176  14:46  SCV x3  
  176  14:47  SCV  
  180  15:00  Missile Turret x2  
  170  15:10  Thor x4  
  170  15:14  Orbital Command x2, Thor  
  190  15:19  Liberator x2  
  190  15:21  Terran Ship Weapons Level 1  
  190  15:22  Hellion x7  
  190  15:28  Missile Turret  
  190  15:30  Sensor Tower  
  190  15:37  Missile Turret  
  190  15:39  Missile Turret  
  190  15:40  Missile Turret  
  192  15:43  Hellion x3  
  192  15:53  Siege Tank x3  
  181  16:04  Hellbat x3  
  181  16:08  Hellbat x3, Siege Tank x2  
  182  16:25  Hellbat x3, Siege Tank  
  188  16:27  Command Center  
  188  16:31  Liberator x2  
  194  16:39  Missile Turret x2  
  194  16:42  Sensor Tower  
  194  16:44  Orbital Command  
  194  16:45  Missile Turret  
  194  16:54  Siege Tank x2  
  172  16:57  Siege Tank x3  
  172  16:58  Hellion x2, Hellbat x2  
  172  16:59  Hellbat  
  183  17:04  Hellbat  
  185  17:14  Liberator x2  
  183  17:19  Hellion x3, Hellbat  
  183  17:20  Hellbat  
  189  17:25  Hellion x2, Terran Ship Weapons Level 2  
  189  17:26  Terran Infantry Weapons Level 1, Siege Tank x2  
  189  17:29  Siege Tank  
  195  17:32  Refinery  
  192  17:46  Missile Turret x3  
  192  17:48  Orbital Command, Sensor Tower  
  192  17:49  Missile Turret  
  192  17:53  Orbital Command  
  192  17:57  Liberator x2  
  198  18:33  Thor x5  
  192  18:34  Hellbat x6  
  198  18:52  Planetary Fortress  
  200  18:55  Hellbat  
  200  19:00  Missile Turret x2  
  200  19:01  Missile Turret  
  200  19:07  Refinery x2  
  200  19:13  Missile Turret  
  200  19:15  Missile Turret  
  200  19:21  Terran Infantry Armor Level 1  
  200  19:22  Missile Turret  
  200  19:30  Hellion x5  
  200  19:34  Ghost Academy  
  200  19:35  Ghost Academy  
  200  19:40  Missile Turret  
  200  19:42  Missile Turret x2  
  200  19:48  Command Center  
  197  20:01  Siege Tank x2  
  197  20:04  Refinery  
  200  20:07  Refinery  
  200  20:09  Missile Turret  
  200  20:12  Missile Turret  
  196  20:18  Missile Turret  
  196  20:20  Missile Turret  
  192  20:30  Liberator  
  192  20:31  Liberator  
  172  20:41  Hellion, Siege Tank x2  
  163  20:44  Siege Tank  
  163  20:45  Hellbat, Siege Tank  
  163  20:48  Hellbat x4, Siege Tank  
  182  20:52  Hellion  
  182  20:59  Orbital Command  
  182  21:00  Missile Turret  
  182  21:02  Missile Turret x2  
  182  21:03  Hellbat  
  184  21:06  Hellbat  
  186  21:13  Hellion x2, Liberator x2, Siege Tank  
  195  21:53  Missile Turret x2  
  192  22:03  Missile Turret  
  192  22:05  Orbital Command  
  191  22:09  Siege Tank x3  
  191  22:14  Orbital Command, Siege Tank x2  
  188  22:45  Liberator x2  
  172  23:05  Siege Tank x5  
  184  23:07  Hellbat x6  
  196  23:13  Hellion x2, Missile Turret  
  196  23:26  Command Center  
  196  23:28  Hellbat x2  
  200  23:35  Missile Turret x2, Sensor Tower  
  200  23:37  Missile Turret  
  194  24:01  Missile Turret  
  190  24:13  Hellbat x5  
  190  24:23  Hellbat x3, Siege Tank x2  
  186  24:40  Siege Tank  
  186  24:44  Siege Tank x2  
  195  24:49  Command Center  
  195  24:53  Missile Turret, Liberator  
  197  25:10  Siege Tank  
  197  25:12  Siege Tank  
  191  25:16  Orbital Command, Siege Tank  
  191  25:17  Hellbat x2, Siege Tank  
  191  25:19  Siege Tank  
  191  25:20  Hellbat x3  
  189  26:14  Hellion x3, Orbital Command  
  189  26:18  Thor x2  
  193  26:26  Missile Turret  
  193  26:27  Refinery, Missile Turret  
  193  26:28  Refinery  
  193  26:29  Hellbat x5  
  193  26:30  Hellbat, Siege Tank x2  
  193  26:31  Hellbat  
  136  26:50  Hellbat x5  
  136  26:51  Thor  
  136  26:52  Hellbat  
  147  27:00  Orbital Command  
  147  27:01  Thor x2  
  153  27:02  Thor x2  
  153  27:06  Orbital Command  
  171  27:19  Liberator x2  
  170  27:34  Thor  
  176  27:43  Thor  
  176  27:44  Thor x2  
  182  27:45  Thor  
  182  27:48  Hellion  
  197  28:02  Liberator  
  200  28:58  Command Center  
  200  29:01  Thor x4  
  198  29:05  Thor  
  198  29:08  Hellbat x3  
  175  29:21  Viking x2  
  164  29:44  Thor x3  
  179  29:52  Thor x2  
  176  29:54  Viking  
  184  30:08  Viking  
  184  30:10  Planetary Fortress  
  182  30:24  Viking  
  182  30:26  Thor  
  182  30:27  Thor x2  
  172  30:37  Liberator  
  174  30:54  Liberator  
  174  31:20  Viking  
  176  31:37  Viking  
  178  31:44  Thor x3  
  178  31:52  Thor x2  
  178  31:53  Hellbat, Thor x3  
  178  31:54  Hellbat x2  
  124  32:04  Hellbat x2  
  116  32:21  Hellbat  
  118  32:24  Refinery  
  108  32:49  Refinery  
  98  33:17  Orbital Command  
  100  33:46  Missile Turret x2  
Tags
 
Add a new tag
Caveats
  • Supply blocks, unpowered buildings, or Contaminate may cause inaccurate times.
  • Supply counts are checked every 10 seconds.